AoeStats
← YoungBoyJayD

MegaRandom

507371073Analyzed
2v2 RM · 1mo ago on Sep 17, 2026· 35m 53s· 4 players
Game mode
Random Map
Map size
Medium (4 player)
Population
200
Speed
Normal
Resources
Standard
Victory
Conquest
Starting age
Dark Age
Ending age
Imperial Age
RankedLock teamsTeams togetherTeam positionsShared explorationLock speedFull tech treeHidden civsTurbo modeCheats
Victory
Defeat
🇪🇨 Romans · Ecuador
713
+14
🇦🇷 Vietnamese · Argentina
690
+15
vs
🇺🇸 Bohemians · United States
682
-35
🇺🇸 Bengalis · United States
658
-14
olivera.mariano
6:15 Loom
10:26 Feudal Age
11:42 Wheelbarrow
11:55 Double-Bit Axe
12:18 Horse Collar
20:32 Castle Age
19:47 Stone Mining
20:02 Fletching
20:05 Gold Mining
21:40 Bow Saw
21:47 Elite Skirmisher
23:33 Town Watch
24:53 Padded Archer Armor
28:31 Hand Cart
29:34 Leather Archer Armor
29:19 Scale Mail Armor
29:26 Town Patrol
36:19 Imperial Age
34:16 Chain Mail Armor
MonoKiller19892
3:01 Loom
17:57 Feudal Age
18:12 Man-at-Arms
19:33 Wheelbarrow
18:41 Horse Collar
18:51 Double-Bit Axe
19:45 Gold Mining
21:35 Scale Mail Armor
25:06 Castle Age
23:36 Stone Mining
25:40 Bloodlines
25:25 Long Swordsman
25:32 Elite Skirmisher
27:00 Squires
27:19 Fletching
27:40 Forging
27:32 Padded Archer Armor
27:48 Chain Mail Armor
28:31 Bow Saw
30:04 Hand Cart
30:45 Ballistics
30:21 Murder Holes
30:37 Masonry
30:44 Fervor
30:57 Heavy Plow
31:21 Pikeman
34:18 Bodkin Arrow
36:31 Fortified Wall
YoungBoyJayD
0:50 Loom
11:12 Feudal Age
12:56 Double-Bit Axe
14:15 Horse Collar
19:17 Man-at-Arms
19:43 Arson
22:30 Padded Archer Armor
22:20 Fletching
22:47 Forging
23:06 Scale Mail Armor
23:17 Forging
26:46 Fletching
26:57 Padded Archer Armor
33:36 Castle Age
jacobfinck
2:15 Loom
14:41 Feudal Age
15:13 Double-Bit Axe
15:11 Horse Collar
20:56 Fletching
21:07 Padded Archer Armor
26:14 Castle Age
26:18 Elite Skirmisher
27:11 Bow Saw
27:02 Heavy Plow
27:12 Bodkin Arrow
27:33 Leather Archer Armor
37:01 Imperial Age
Connection lost

Rejoining the realm…

Still unreachable

The connection could not be restored.

Session expired

The server has moved on; the page needs a fresh start.